Map: Thunderbird LE

Players

Scarlett - Winner!

  • Race: Zerg Zerg
  • Spawn Location: 5:00

GunGFuBanDa

  • Race: Protoss Protoss
  • Spawn Location: 11:00

Event: 2019 WCS Summer

VOD

Have the link to the VOD?

Description

Time

  • Played on: July 12, 2019, 2:44 p.m.
  • Length: 9:02

All games in this series

Show
View Real Time Build Order
Export as new Build Order

Scarlett Zerg - Winner!

Build Orders: Hatch First, Roach Hydra 

Get SALT Encoding   

  12  0:00  Drone  
  13  0:12  Overlord  
  13  0:17  Drone  
  14  0:30  Drone  
  14  0:31  Drone  
  16  0:36  Drone  
  17  0:51  Hatchery  
  17  0:54  Drone  
  17  0:57  Drone  
  18  1:08  Extractor  
  18  1:11  Spawning Pool  
  16  1:14  Drone  
  16  1:18  Drone  
  18  1:29  Drone  
  19  1:39  Drone  
  20  1:45  Hatchery  
  19  1:50  Drone  
  20  2:01  Drone  
  21  2:03  Drone, Queen  
  24  2:12  Queen  
  26  2:18  Overlord  
  26  2:22  Drone  
  27  2:26  Drone  
  27  2:28  Metabolic Boost  
  28  2:37  Zergling x4  
  28  2:39  Drone  
  28  2:44  Drone  
  32  2:48  Queen  
  32  2:49  Drone  
  35  2:54  Overlord  
  35  3:01  Drone  
  35  3:04  Overlord  
  36  3:06  Queen  
  36  3:11  Overlord  
  36  3:12  Drone  
  39  3:13  Drone  
  39  3:17  Drone  
  41  3:20  Drone  
  41  3:23  Drone  
  41  3:24  Drone x2  
  41  3:26  Drone  
  46  3:28  Drone  
  46  3:32  Queen  
  49  3:39  Drone  
  50  3:42  Drone x4  
  50  3:48  Overlord  
  54  3:49  Lair  
  54  3:53  Drone x3  
  54  3:55  Drone  
  58  4:02  Roach Warren  
  57  4:04  Extractor  
  57  4:05  Drone, Extractor  
  57  4:06  Drone x2  
  57  4:08  Spore Crawler  
  57  4:10  Drone x2  
  59  4:17  Zergling x8  
  59  4:22  Drone x3  
  66  4:29  Spore Crawler  
  65  4:32  Drone, Overlord  
  65  4:35  Overlord x2  
  67  4:43  Overlord x2  
  67  4:44  Overlord  
  67  4:46  Extractor  
  66  4:53  Roach x7  
  66  4:56  Glial Reconstitution  
  79  5:01  Drone  
  79  5:04  Overseer  
  80  5:08  Drone  
  80  5:09  Drone x8  
  80  5:13  Overseer  
  89  5:16  Drone  
  89  5:19  Drone  
  89  5:20  Extractor  
  90  5:22  Extractor  
  90  5:26  Drone x2  
  90  5:27  Overlord  
  91  5:29  Drone x2  
  91  5:31  Drone x3  
  91  5:35  Hydralisk Den  
  95  5:36  Evolution Chamber  
  95  5:41  Drone  
  95  5:42  Drone x4  
  99  5:50  Overlord  
  99  6:01  Zerg Missile Weapons Level 1  
  99  6:04  Hydralisk x9  
  99  6:09  Spore Crawler  
  116  6:13  Hatchery, Spore Crawler  
  116  6:18  Grooved Spines  
  114  6:19  Hydralisk x2  
  114  6:22  Hydralisk  
  114  6:40  Drone x2  
  114  6:41  Drone  
  114  6:44  Hydralisk x2  
  114  6:45  Overlord x8  
  121  6:53  Nydus Network  
  120  6:59  Overlord x3  
  120  7:04  Hydralisk x5  
  130  7:11  Hydralisk x3  
  136  7:16  Hydralisk  
  136  7:17  Hydralisk x2  
  142  7:27  Hydralisk x3  
  142  7:29  Muscular Augments  
  148  7:30  Nydus Canal  
  148  7:33  Hydralisk  
  148  7:34  Zergling x10  
  155  7:47  Drone  
  155  7:48  Drone x3  
  155  7:58  Hydralisk x8  
  154  8:03  Nydus Canal  
  168  8:19  Hydralisk x2  
  160  8:20  Hydralisk x3  
  151  8:28  Roach x7  
  151  8:31  Roach  
  156  8:35  Roach x2  
  156  8:37  Roach  
  156  8:51  Nydus Canal  
Show
View Real Time Build Order
Export as new Build Order

GunGFuBanDa Protoss 

Build Orders: 1 Gate Expand 

Get SALT Encoding   

  12  0:00  Probe  
  13  0:12  Probe  
  14  0:18  Pylon  
  14  0:24  Probe  
  15  0:32  Probe  
  15  0:37  Gateway  
  15  0:40  Probe  
  17  0:50  Assimilator  
  17  0:51  Probe  
  18  1:03  Probe  
  19  1:19  Nexus  
  19  1:27  Probe  
  19  1:30  Cybernetics Core  
  20  1:36  Probe  
  21  1:41  Assimilator  
  21  1:46  Probe  
  21  1:49  Pylon  
  22  1:57  Adept  
  22  1:58  Probe  
  25  2:10  Probe  
  25  2:12  Robotics Facility  
  26  2:16  Warp Gate  
  26  2:22  Probe  
  27  2:27  Stalker, Probe  
  29  2:35  Probe x2  
  32  2:45  Probe  
  32  2:47  Probe  
  34  2:52  Warp Prism  
  34  2:57  Probe  
  34  2:58  Sentry  
  37  2:59  Probe  
  40  3:09  Probe  
  40  3:11  Probe  
  42  3:12  Pylon  
  42  3:17  Gateway  
  42  3:21  Probe  
  42  3:23  Probe  
  42  3:25  Immortal  
  44  3:33  Probe  
  49  3:35  Probe  
  49  3:40  Pylon  
  50  3:46  Probe, Assimilator  
  51  3:48  Assimilator  
  51  3:53  Probe, Pylon  
  52  3:58  Probe  
  52  4:01  Stargate  
  53  4:03  Stargate  
  53  4:06  Probe  
  54  4:10  Probe  
  54  4:12  Observer  
  56  4:26  Probe x2, Nexus  
  56  4:30  Pylon  
  58  4:34  Adept x2  
  62  4:41  Phoenix  
  62  4:42  Phoenix  
  62  4:44  Probe x2  
  68  4:59  Phoenix  
  64  5:00  Probe x2, Phoenix  
  70  5:16  Observer  
  70  5:19  Probe  
  70  5:20  Probe  
  72  5:22  Immortal  
  72  5:23  Phoenix  
  72  5:24  Forge  
  78  5:29  Pylon  
  78  5:34  Pylon  
  78  5:36  Phoenix  
  78  5:38  Probe  
  78  5:40  Phoenix  
  79  5:43  Probe x2  
  79  5:49  Zealot x2  
  89  5:53  Protoss Ground Weapons Level 1  
  89  5:56  Robotics Facility  
  92  6:04  Probe  
  92  6:05  Assimilator  
  92  6:10  Assimilator  
  92  6:13  Immortal  
  92  6:14  Probe  
  92  6:15  Probe x2, Twilight Council  
  97  6:22  Probe, Pylon  
  97  6:27  Probe x2  
  100  6:33  Probe  
  100  6:39  Probe x2  
  99  6:42  Blink  
  99  6:45  Probe  
  100  6:51  Probe x2  
  100  6:52  Immortal, Pylon  
  100  6:53  Immortal  
  110  6:55  Stalker, Sentry  
  114  7:04  Gateway  
  114  7:06  Gateway x2  
  114  7:07  Gateway  
  114  7:17  Gateway  
  114  7:20  Gateway  
  114  7:22  Adept x2  
  118  7:23  Pylon  
  118  7:31  Immortal  
  122  7:56  Immortal  
  122  7:58  Stalker x3  
  122  8:03  Forge, Zealot  
  122  8:04  Stalker x2  
  130  8:06  Pylon  
  130  8:08  Pylon  
  130  8:11  Immortal  
  129  8:21  Pylon  
  129  8:23  Pylon  
  129  8:24  Stalker x3  
  129  8:26  Stalker, Sentry  
  129  8:27  Stalker  
  123  8:34  Stalker x2  
  94  8:49  Stalker x2  
  94  8:54  Stalker x3  
Tags
 
Add a new tag
Caveats
  • Supply blocks, unpowered buildings, or Contaminate may cause inaccurate times.
  • Supply counts are checked every 10 seconds.